 Dungeon Crawl Stone Soup version 0.32-a0-30-gefbe487 (webtiles) character file.

Game seed: 15187348059988984377

350 Dorkslayer the Ruffian (level 6, -1/40 HPs)
             Began as an Octopode Shapeshifter on Jan 19, 2024.
             Slain by Menkaure (23 damage)
             ... on level 4 of the Dungeon.
             The game lasted 00:05:34 (2139 turns).

Dorkslayer the Ruffian (Octopode Shapeshifter)      Turns: 2139, Time: 00:05:35

Health: -1/40      AC:  1    Str: 15    XL:     6   Next: 60%
Magic:  6/6        EV: 13    Int: 13    God:
Gold:   145        SH:  0    Dex: 11    Spells: 5/5 levels left

rFire   . . .        g - +2 whip (venom)
rCold   . . .        (no shield)
rNeg    . . .        (helmet currently unavailable)
rPois   .            (no amulet)
rElec   .            (no ring)
rCorr   .            (no ring)
SInv    .            (no ring)
Will    .....        (no ring)
Stlth   +++          (no ring)
HPRegen 0.26/turn    (no ring)
MPRegen 0.10/turn    (no ring)
                     (no ring)

%: no passive effects
@: beast-form
A: beast (slay +2), almost no armour, amphibious, 8 rings, camouflage 1,
gelatinous body 1, (nimble swimmer 1), tentacles
a: Begin Untransformation


You were on level 4 of the Dungeon.
You were a hulking beast.
You visited 1 branch of the dungeon, and saw 4 of its levels.

You collected 145 gold pieces.

Inventory:

Hand Weapons
 g - a +2 whip of venom (weapon)
Missiles
 d - 3 boomerangs (quivered)
 m - a throwing net
Talismans
 b - a beast talisman
 c - a flux talisman
Scrolls
 e - a scroll of revelation {unknown}
 k - 2 scrolls of teleportation {unknown}
 n - a scroll of poison {unknown}
Potions
 a - a potion of lignification
 l - 2 potions of magic


   Skills:
 * Level 2.3 Fighting
 * Level 2.4 Maces & Flails
 + Level 1.3 Throwing
 * Level 2.8 Dodging
 + Level 3.1 Stealth
 * Level 4.1 Unarmed Combat
 * Level 3.9 Shapeshifting


You had 5 spell levels left.
You didn't know any spells.
Your spell library contained the following spells:

 Spells                   Type           Power      Damage    Failure   Level
 Summon Blazeheart Golem  Fire/Summ      0%         N/A       97%         4
 Orb of Destruction       Conj           0%         9d5       100%        7
 Spellforged Servitor     Conj/Summ      0%         N/A       100%        7


Dungeon Overview and Level Annotations

Branches:
Dungeon (4/15)
 Temple: D:4-7

Altars:
Elyvilon
Qazlal

Annotations:
D:4 Menkaure


Innate Abilities, Weirdness & Mutations

You are a hulking beast.
Your limbs bulge with bestial killing power. (Slay +2)
You cannot wear most types of armour.
You are amphibious.
You can wear up to eight rings at the same time.
Your skin changes colour to match your surroundings (Stealth+).
Your rubbery body absorbs attacks. (AC +1, EV +1)
((You are camouflaged when in or above water. (Stealth+)))
You have tentacles for arms and can constrict up to eight enemies at once.


Message History

You fade into invisibility!
As you open the door, it creaks loudly!
You whack Ubbricas's ghost! You squeeze Ubbricas's ghost.
Ubbricas's ghost is moderately damaged.
Ubbricas's ghost closely misses you.
You barely miss Ubbricas's ghost.
Ubbricas's ghost is moderately damaged.
Ubbricas's ghost hits you!
You barely miss Ubbricas's ghost. You tentacle-slap Ubbricas's ghost.
You squeeze Ubbricas's ghost!
Ubbricas's ghost is severely damaged.
Ubbricas's ghost barely misses you.
You whack Ubbricas's ghost! Your squeeze misses Ubbricas's ghost.
Ubbricas's ghost is almost destroyed.
Ubbricas's ghost hits you.
You hit Ubbricas's ghost.
You destroy Ubbricas's ghost!
Your Stealth skill increases to level 3!
There is an open translucent door here.
l - 2 potions of magic (gained 1)
You flicker for a moment.
You flicker back into view.
Done exploring.
There is an open translucent door here.
There is a stone staircase leading down here.
You climb downwards.
There is a stone staircase leading up here.
Menkaure, Prince of Dust comes into view.
Found 18 gold pieces.
The helpless Menkaure fails to defend himself.
You whack Menkaure! You grab Menkaure.
Menkaure is moderately damaged.
You constrict Menkaure.
Menkaure rustles drily.
Menkaure hits you!!
You hit Menkaure.
Menkaure is heavily damaged.
You constrict Menkaure. Menkaure hits you!!
Ouch! That really hurt!
You die...

.. . ##.##.#
##...#.# #......#
##########......###
##..........<.......
#..#########....####
#.###M........#.#
###.#.h.≈≈≈≈≈...# #
#.....≈≈≈≈####...
#.#..≈≈≈### .##..
#.#.≈≈≈≈# # ≈.#
#.$.≈≈≈≈# ≈..
#..≈≈≈≈≈# ≈≈..
#..###### #.. ##.


You could see Menkaure.

Vanquished Creatures
  The ghost of Ubbricas the Sneak, an amateur OpAE (D:3)
  Pargi (D:3)
  An orc priest (D:3)
  An orc wizard (D:3)
  A gnoll (D:1)
  2 adders
  A dart slug (D:2)
  A ribbon worm (D:3)
  6 orcs (D:3)
  4 ball pythons
  4 bats
  4 endoplasms
  2 giant cockroaches
  4 goblins
  3 hobgoblins
  4 jackals (D:3)
  3 quokkas
  7 frilled lizards
  4 kobolds
  3 rats
57 creatures vanquished.

Vanquished Creatures (others)
  A goblin (D:3)
1 creature vanquished.

Grand Total: 58 creatures vanquished

Notes
Turn   | Place    | Note
-------+----------+-------------------------------------------
     0 | D:1      | Dorkslayer the Octopode Shapeshifter began the quest for
                  | the Orb.
     0 | D:1      | Reached XP level 1. HP: 13/13 MP: 1/1
   220 | D:1      | Reached XP level 2. HP: 11/18 MP: 2/2
   617 | D:1      | Reached XP level 3. HP: 22/23 MP: 3/3
  1010 | D:2      | Reached skill level 1 in Stealth
  1157 | D:3      | Reached XP level 4. HP: 28/28 MP: 4/4
  1160 | D:3      | Reached skill level 1 in Throwing
  1429 | D:3      | Found a runed translucent door.
  1430 | D:3      | Noticed Ubbricas's ghost (amateur OpAE)
  1464 | D:3      | Found a white marble altar of Elyvilon.
  1521 | D:3      | Noticed Pargi
  1531 | D:3      | Killed Pargi
  1532 | D:3      | Reached skill level 1 in Maces & Flails
  1532 | D:3      | Reached skill level 4 in Unarmed Combat
  1532 | D:3      | Reached XP level 5. HP: 22/33 MP: 5/5
  1580 | D:3      | Found a stormy altar of Qazlal.
  1582 | D:3      | Noticed an air elemental
  1582 | D:3      | Noticed a fire elemental
  1583 | D:3      | Noticed a water elemental
  1636 | D:3      | Reached XP level 6. HP: 25/39 MP: 6/6
  2036 | D:3      | Killed Ubbricas's ghost
  2122 | D:4      | Noticed Menkaure
  2139 | D:4      | Slain by Menkaure

Illustrated notes

Levels and vault maps discovered:
D:1:      dpeg_arrival_central, layout_basic
D:2:      layout_rooms, serial_bayou_lagoon_a, guppyfry_early_lair_pool
D:3:      layout_loops_ring, elyvilon_altar_4, nicolae_qazlal_style_of_elements,
          gammafunk_ghost_grave, kennysheep_another_room, uniq_pargi
D:4:      layout_loops_ring, mainiacjoe_overflow_cross_hatched,
          minmay_temple_entry_ruins, grunt_decor_junction, minmay_puff,
          uniq_duvessa, uniq_menkaure

Skill      XL: |  1  2  3  4  5  6 |
---------------+-------------------+-----
Stealth        | 1 2 3 |  3.1
Throwing       | 1 |  1.3
Maces & Flails | 1 2 |  2.4
Unarmed Combat | 4 |  4.1
Fighting       | 2 |  2.3
Dodging        | |  2.8
Shapeshifting  | |  3.9

Action                     |  1- 3 |  4- 6 || total
---------------------------+-------+-------++-------
  Melee: Unarmed           |    12 |       ||    12
         Constrict         |    18 |     8 ||    26
         Whip              |    40 |    48 ||    88
         Tentacles         |     7 |    10 ||    17
         Punch             |     1 |     2 ||     3
  Throw: Boomerang         |    27 |     1 ||    28
    Use: Scroll            |     4 |       ||     4
         Potion            |       |     3 ||     3
   Stab: Sleeping          |     7 |     6 ||    13
 Armour: Skin              |    12 |    28 ||    40
  Dodge: Dodged            |    32 |    21 ||    53

Table legend: (Time is in decaauts)
 A = Elapsed time spent in this place.
 B = Non-inter-level travel time spent in this place.
 C = Inter-level travel time spent in this place.
 D = Time resting spent in this place.
 E = Time spent auto-exploring this place.
 F = Levels seen in this place.
 G = Mean time per level.
                   A        B        C        D        E       F      G
               +--------+--------+--------+--------+--------+-----+--------+
         Total |   2151 |   2151 |      0 |      0 |   1377 |   4 |  537.8 |
       Dungeon |   2151 |   2151 |      0 |      0 |   1377 |   4 |  537.8 |
               +--------+--------+--------+--------+--------+-----+--------+

Top non-repeatable levels by time:
     D:3: 971 daAuts
     D:1: 649 daAuts
     D:2: 513 daAuts
     D:4: 17 daAuts
